 Dungeon Crawl Stone Soup version 0.22.1-6-g1668fe2 (webtiles) character file.

620 redwoodhats the Sneak (level 7, -1/46 HPs)
             Began as a Halfling Assassin on Jan 22, 2019.
             Was an Initiate of Dithmenos.
             Slain by an orc priest
             ... wielding a +0 mace
              (4 damage)
             ... on level 5 of the Dungeon.
             The game lasted 00:30:04 (4692 turns).

redwoodhats the Sneak (Halfling Assassin)           Turns: 4692, Time: 00:30:05

Health: -1/46      AC:  6    Str: 12    XL:     7   Next: 74%
Magic:  7/7        EV: 16    Int: 10    God:    Dithmenos [......]
Gold:   206        SH:  0    Dex: 17    Spells: 6/6 levels left

rFire    . . .     SeeInvis .   p - +3 quarterstaff (chaos)
rCold    . . .     Gourm    .   (shield currently unavailable)
rNeg     . . .     Faith    .   c - +0 robe
rPois    .         Spirit   .   (no helmet)
rElec    .         Reflect  .   q - +2 cloak {+Inv}
rCorr    .         Harm     .   (no gloves)
MR       .....                  t - +0 pair of boots
Stlth    +++.......             (no amulet)
HPRegen  0.15/turn              (no ring)
MPRegen  0.10/turn              (no ring)

@: no status effects
A: small, mutation resistance 1
a: Renounce Religion, Evoke Invisibility


You were on level 5 of the Dungeon.
You worshipped Dithmenos.
Dithmenos was noncommittal.
You were very full.

You visited 2 branches of the dungeon, and saw 6 of its levels.

You collected 206 gold pieces.

Inventory:

Hand Weapons
 a - a +2 dagger
 b - a +1 blowgun
 l - a +1 dagger of flaming
 n - a +0 hunting sling
 p - a +3 quarterstaff of chaos (weapon)
 u - a +0 rapier
 y - a +0 glaive
 z - a +0 hunting sling
Missiles
 e - 6 poisoned needles
 j - 4 needles of confusion
 o - 40 stones (quivered)
 r - a curare-tipped needle
 v - 32 sling bullets
Armour
 c - a +0 robe (worn)
 d - a +0 cloak
 m - a +0 robe
 q - a +2 cloak of invisibility (worn)
 t - a +0 pair of boots (worn)
 x - a +0 robe
 A - a cursed +0 robe
 E - the cursed +1 scale mail of Contentment {rElec rC- Dex+10, unknown}
   (You found it on level 4 of the Dungeon)

   It affects your dexterity (+10).
   It makes you vulnerable to cold.
   It insulates you from electricity.
   It has a curse placed upon it.
Wands
 f - a wand of polymorph (29)
 w - a wand of flame (26)
Scrolls
 h - 4 scrolls of amnesia
 i - a scroll of immolation
Potions
 k - 2 potions of degeneration
 s - a potion of flight
 B - a potion of cancellation {unknown}
Comestibles
 g - 6 rations


   Skills:
 + Level 3.0 Fighting
 + Level 5.2 Short Blades
 + Level 0.4 Staves
 + Level 3.4(4.4) Slings
 + Level 2.9(3.3) Throwing
 + Level 3.5 Dodging
 + Level 6.1 Stealth
 + Level 0.8 Evocations


You had 6 spell levels left.
You didn't know any spells.
Your spell library was empty.

Dungeon Overview and Level Annotations

Branches:
Dungeon (5/15)             Temple (1/1) D:4

Altars:
Ashenzari
Cheibriados
Dithmenos
Elyvilon
Fedhas
Hepliaklqana
Kikubaaqudgha
Nemelex Xobeh
Okawaru
Qazlal
Ru
Sif Muna
Trog
Uskayaw
Vehumet
Wu Jian
Xom
Yredelemnul
Zin
The Shining One

Shops:
D:4 *


Innate Abilities, Weirdness & Mutations

You are small and have problems with some larger weapons.
You are somewhat resistant to further mutation.


Message History

Things that are here:
a dagger; a robe You thump the orc wizard!
You freeze the orc wizard.
You kill the orc wizard!
Dithmenos accepts your kill.
An orc and an orc priest come into view.
The orc priest casts a cantrip, but nothing happens.
The orc moves out of view.
Items here: ! ) [ † a dagger of flaming; a robe; a sapphire potion; an orc corpse
l - a dagger of flaming;
A - a robe;
B - a sapphire potion
Things that are here:
a dagger; a robe
Okay, then.
Okay, then.
The orc priest invokes the aid of Beogh against you.
Beogh smites you!
* * * LOW HITPOINT WARNING * * *
The orc priest hits you with a mace.
You die...

.........#
......?..#
.........##
..........
.......##
##.#......#.#..
..o............
...a...#o#.#.#
.S.....#@#.#.#
..?.5..#.#.#.#
.......#.#.#.#
.......#.#.#.#
.....#.#.#.#
#..#.#.#<#
#........#
######.#.#
...#.#


You could see an orc priest.

Vanquished Creatures
  An ogre (D:4)
  2 scorpions (D:4)
  A howler monkey (D:4)
  A hound (D:4)
  2 orc wizards (D:5)
  Crazy Yiuf (D:2)
  4 worker ants
  9 adders
  A shadow imp (D:5)
  3 oozes
  2 dart slugs (D:2)
  3 leopard geckos
  An orc (D:3)
  7 bats
  6 giant cockroaches
  5 goblins
  9 hobgoblins
  7 jackals
  A ball python (D:3)
  9 frilled lizards
  6 kobolds
  8 rats
89 creatures vanquished.

Notes
Turn   | Place    | Note
-------+----------+-------------------------------------------
     0 | D:1      | redwoodhats the Halfling Assassin began the quest for the
                  | Orb.
     0 | D:1      | Reached XP level 1. HP: 14/14 MP: 1/1
   124 | D:1      | Reached XP level 2. HP: 11/19 MP: 2/2
   313 | D:1      | Reached skill level 5 in Stealth
   725 | D:1      | Reached XP level 3. HP: 23/24 MP: 3/3
  1214 | D:2      | Found a runed door.
  1218 | D:2      | Noticed Crazy Yiuf
  1223 | D:2      | Killed Crazy Yiuf
  1223 | D:2      | Reached XP level 4. HP: 29/29 MP: 4/4
  1557 | D:2      | Reached XP level 5. HP: 31/34 MP: 5/5
  1627 | D:2      | Found a faded altar of an unknown god.
  1683 | D:2      | Became a worshipper of Elyvilon the Healer
  1683 | D:2      | Reached * piety under Elyvilon
  1850 | D:3      | Found a sacrificial altar of Ru.
  2068 | D:3      | Found a hide-covered altar of Uskayaw.
  2069 | D:3      | Found a bloodstained altar of Trog.
  2069 | D:3      | Found a glowing golden altar of the Shining One.
  2081 | D:3      | Found a shadowy altar of Dithmenos.
  2089 | D:3      | Found a white marble altar of Elyvilon.
  2090 | D:3      | Found an ancient bone altar of Kikubaaqudgha.
  2132 | D:3      | Fell from the grace of Elyvilon
  2132 | D:3      | Became a worshipper of Dithmenos the Shadowed
  2434 | D:3      | Reached skill level 1 in Slings
  2501 | D:4      | Reached XP level 6. HP: 25/40 MP: 6/6
  2589 | D:4      | Noticed an ogre
  3232 | D:4      | Reached skill level 6 in Stealth
  3409 | D:4      | Was forgiven by Elyvilon
  3461 | D:4      | Killed an ogre
  3461 | D:4      | Reached XP level 7. HP: 36/45 MP: 7/7
  3649 | D:4      | Found Ragyuqupom's General Store.
  3838 | D:4      | Found a staircase to the Ecumenical Temple.
  3850 | D:4      | Got a steaming scale mail
  3855 | Temple   | Entered the Ecumenical Temple
  4319 | D:5      | Entered Level 5 of the Dungeon
  4454 | D:5      | HP: 2/45 [worker ant (2)]
  4457 | D:5      | Reached skill level 5 in Short Blades
  4692 | D:5      | Slain by an orc priest

Skill      XL: |  1  2  3  4  5  6  7 |
---------------+----------------------+-----
Stealth        | 5 6 |  6.1
Fighting       | 2 3 |  3.0
Short Blades   | 3 4 5 |  5.2
Dodging        | 2 3 |  3.5
Slings         | 2 3 |  3.4
Staves         | |  0.4
Throwing       | |  2.9
Evocations     | |  0.8

Action                   |  1- 3 |  4- 6 |  7- 9 || total
-------------------------+-------+-------+-------++-------
Melee: Dagger            |    65 |   214 |    86 ||   365
       Quarterstaff      |       |     4 |    10 ||    14
 Fire: Blowgun           |    11 |    10 |       ||    21
       Hunting sling     |       |    22 |       ||    22
Evoke: Wand              |       |     9 |       ||     9
  Use: Scroll            |     4 |     5 |     1 ||    10
       Potion            |     1 |     4 |     5 ||    10
 Stab: Sleeping          |     8 |     5 |       ||    13
  Eat: Ration            |       |     2 |     3 ||     5
       Chunk             |       |     1 |       ||     1
Armor: Robe              |    10 |    48 |    12 ||    70
Dodge: Dodged            |    35 |   137 |    57 ||   229
